 Dungeon Sprint DCSS version 0.17-a0-1508-ge7f3dc3 (webtiles) character file.

1180 Kidiri the Basher (level 8, -1/151 HPs)
             Began as a Troll Berserker on July 10, 2015.
             Was a High Priest of Trog.
             Slain by a seven-headed hydra (4 damage)
             ... in the Dungeon (Sprint IX: "|||||||||||||||||||||||||||||").
             The game lasted 00:03:29 (578 turns).

Kidiri the Basher (Troll Berserker)                  Turns: 578, Time: 00:03:29

Health: -1/151     AC:  5    Str: 33    XL:     8   Next: 19%
Magic:  2/2        EV: 15    Int:  6    God:    Trog [*****.]
Gold:   0          SH:  0    Dex:  9    Spells: 0 memorised, 7 levels left

rFire  . . .     SeeInvis .     p - +4 great mace (antimagic)
rCold  . . .     Clarity  .     b - +0 animal skin
rNeg   . . .     SustAt   .     (no shield)
rPois  .         Gourm    +     (helmet restricted)
rElec  .         Spirit   .     (no cloak)
rCorr  .         Warding  .     (gloves unavailable)
rMut   .         NoTele   +     (boots unavailable)
MR     .....                    (no amulet)
Stlth  ..........               o - +2 ring of evasion
                                a - +3 ring of intelligence

@: berserking, very quick, not resistant to hostile enchantments, extremely
unstealthy
A: unfitting armour, claws 3, fast metabolism 3, gourmand, regeneration 2,
robust 1, screaming 1, shaggy fur 1, spit poison 1, tough skin 2
a: Spit Poison, Burn Spellbooks, Berserk, Trog's Hand, Brothers in Arms,
Renounce Religion


You were in the Dungeon.
You worshipped Trog.
Trog was extremely pleased with you.
You were very full.

You visited 1 branch

Inventory:

Hand weapons
 n - a +2 morningstar of crushing
 p - a +4 antimagic great mace (weapon)
Armour
 b - a +0 animal skin (worn)
Jewellery
 a - a +3 ring of intelligence (left claw)
 o - a +2 ring of evasion (right claw)
Magical devices
 m - a wand of cold (7)
Scrolls
 i - 2 scrolls of blinking
 l - 4 scrolls of remove curse
 s - a scroll of recharging
 t - a scroll of identify
 u - 2 scrolls of enchant weapon
 v - 2 scrolls of enchant armour
Potions
 d - 2 potions of agility
 e - a potion of invisibility
 f - a potion of haste
 g - 4 potions of magic
 h - 3 potions of berserk rage
 j - a potion of heal wounds
 k - 5 potions of curing
 q - a potion of brilliance
 r - a potion of might
Comestibles
 c - 2 bread rations


   Skills:
 * Level 9.2 Fighting
 * Level 10.0 Maces & Flails
 * Level 9.2 Dodging


You had 7 spell levels left.
You didn't know any spells.

Dungeon Overview and Level Annotations

Branches:
Dungeon (1/1)

Altars:
Cheibriados
Dithmenos
Elyvilon
Fedhas
Gozag
Kikubaaqudgha
Makhleb
Nemelex Xobeh
Okawaru
Qazlal
Ru
Sif Muna
Trog
Vehumet
Xom
Yredelemnul
Zin
The Shining One
Beogh
Jiyva
Lugonu


Innate Abilities, Weirdness & Mutations

You are too large for most types of armour.
You have claws for hands.
Your metabolism is lightning-fast.
You like to eat raw meat.
You heal very quickly.
You are covered in fur (AC +1).
You have very tough skin (AC +2).
You are robust (+10% HP).
You occasionally shout uncontrollably at your foes.
You can spit weak poison.


Message History

You barely miss the seven-headed hydra.
The seven-headed hydra is severely wounded.
The seven-headed hydra closely misses you.
The seven-headed hydra bites you! The seven-headed hydra misses you.
The seven-headed hydra misses you. The seven-headed hydra bites you!
* * * LOW HITPOINT WARNING * * *
The seven-headed hydra completely misses you.
The seven-headed hydra bites you!
* * * LOW HITPOINT WARNING * * *
You barely miss the seven-headed hydra.
The seven-headed hydra is heavily wounded.
You sock the seven-headed hydra!
The seven-headed hydra is severely wounded.
The seven-headed hydra bites you!
* * * LOW HITPOINT WARNING * * *
The seven-headed hydra bites you!
* * * LOW HITPOINT WARNING * * *
The seven-headed hydra barely misses you.
The seven-headed hydra bites you.
You die...

▓.▓.▓.▓
▓.▓.▓.▓
▓(▓.▓.▓
▓!▓.▓.▓
▓.▓.▓.▓
▓.▓.▓'▓
▓.▓.▓_▓
▓.▓.▓_▓
▓@▓.▓_▓
▓D▓.▓_▓
▓r▓.▓_▓
▓F▓.▓_▓
▓F▓.▓_▓
▓l▓.▓_▓
▓D▓.▓_▓
▓k▓.▓_▓
▓.▓_▓


You could see a seven-headed hydra, a four-headed hydra, a komodo dragon, a fire
drake, 2 giant frogs and a porcupine.

Vanquished Creatures
  A cyclops (D)
  A komodo dragon (D)
  A yak (D)
  A sky beast (D)
  A phantom (D)
  A giant frog (D)
  2 crimson imps (D)
  A worker ant (D)
  An orc wizard (D)
  An adder (D)
  An adder skeleton (D)
  A giant gecko (D)
  An orc (D)
  3 hobgoblins (D)
  2 giant cockroaches (D)
  A kobold (D)
  3 rats (D)
23 creatures vanquished.

Notes
Turn   | Place    | Note
--------------------------------------------------------------
     0 | D        | Kidiri the Troll Berserker began the quest for the Orb.
     0 | D        | Reached XP level 1. HP: 22/22 MP: 0/0
     6 | D        | Reached skill level 3 in Maces & Flails
    11 | D        | Acquired Trog's second power
    31 | D        | Noticed a worker ant
    41 | D        | Reached XP level 2. HP: 24/31 MP: 1/1
    65 | D        | Killed a worker ant
    65 | D        | Acquired Trog's third power
    65 | D        | Reached skill level 4 in Maces & Flails
    65 | D        | Reached XP level 3. HP: 39/39 MP: 2/2
   110 | D        | Found a glowing silver altar of Zin.
   110 | D        | Found a glowing golden altar of the Shining One.
   110 | D        | Found an ancient bone altar of Kikubaaqudgha.
   110 | D        | Found a basalt altar of Yredelemnul.
   110 | D        | Found a shimmering altar of Xom.
   110 | D        | Found a radiant altar of Vehumet.
   111 | D        | Found an iron altar of Okawaru.
   112 | D        | Found a burning altar of Makhleb.
   113 | D        | Found a deep blue altar of Sif Muna.
   114 | D        | Found a bloodstained altar of Trog.
   115 | D        | Found a sparkling altar of Nemelex Xobeh.
   116 | D        | Found a white marble altar of Elyvilon.
   117 | D        | Found a roughly hewn altar of Beogh.
   118 | D        | Found a viscous altar of Jiyva.
   119 | D        | Found a corrupted altar of Lugonu.
   120 | D        | Found a blossoming altar of Fedhas.
   121 | D        | Found a snail-covered altar of Cheibriados.
   122 | D        | Found a shadowy altar of Dithmenos.
   123 | D        | Found a stormy altar of Qazlal.
   124 | D        | Found an opulent altar of Gozag.
   125 | D        | Found a sacrificial altar of Ru.
   164 | D        | Noticed a crimson imp
   164 | D        | Noticed a sky beast
   164 | D        | Noticed a phantom
   173 | D        | Killed a crimson imp
   173 | D        | Reached skill level 5 in Maces & Flails
   173 | D        | Reached XP level 4. HP: 47/49 MP: 3/3
   185 | D        | Killed a sky beast
   185 | D        | Reached skill level 5 in Fighting
   185 | D        | Reached skill level 6 in Maces & Flails
   185 | D        | Reached skill level 5 in Dodging
   185 | D        | Reached XP level 5. HP: 45/59 MP: 4/4
   217 | D        | Killed a phantom
   217 | D        | Reached skill level 7 in Maces & Flails
   277 | D        | Noticed a giant frog
   277 | D        | Noticed a cyclops
   277 | D        | Noticed a crimson imp
   277 | D        | Noticed an orc wizard
   277 | D        | Noticed a yak
   282 | D        | Killed a giant frog
   282 | D        | Reached XP level 6. HP: 68/68 MP: 5/5
   286 | D        | Killed a cyclops
   286 | D        | Received a gift from Trog
   286 | D        | Reached skill level 8 in Fighting
   286 | D        | Reached skill level 9 in Maces & Flails
   286 | D        | Reached XP level 7. HP: 81/81 MP: 6/6
   289 | D        | Killed a crimson imp
   290 | D        | Killed an orc wizard
   295 | D        | Killed a yak
   298 | D        | Gained mutation: You are robust (+10% HP). [mutagenic meat]
   299 | D        | Gained mutation: Your spells are a little harder to cast, but a little more powerful. [mutagenic meat]
   300 | D        | Gained mutation: You occasionally shout uncontrollably at your foes. [mutagenic meat]
   301 | D        | Lost mutation: Your spells are a little harder to cast, but a little more powerful. [mutagenic meat]
   303 | D        | Gained mutation: You can spit weak poison. [mutagenic meat]
   566 | D        | Noticed a komodo dragon
   566 | D        | Noticed a porcupine
   566 | D        | Noticed a giant frog
   566 | D        | Noticed a giant frog
   566 | D        | Noticed a seven-headed hydra
   566 | D        | Noticed a komodo dragon
   570 | D        | Noticed a fire drake
   571 | D        | Noticed a four-headed hydra
   573 | D        | Killed a komodo dragon
   573 | D        | Reached skill level 10 in Maces & Flails
   573 | D        | Reached XP level 8. HP: 77/101 MP: 2/7
   578 | D        | HP: 3/151 [seven-headed hydra (16)]
   578 | D        | Slain by a seven-headed hydra

Vault maps used:
D:        linesprint

Action                   |  1- 3 |  4- 6 |  7- 9 || total
-------------------------+-------+-------+-------++-------
Melee: Mace              |    34 |       |       ||    34
       Morningstar       |     9 |    25 |     9 ||    43
       Great mace        |       |       |    11 ||    11
Invok: Berserk           |     1 |     2 |     1 ||     4
  Use: Potion            |     2 |     1 |       ||     3
  Eat: Chunk             |     8 |     2 |     9 ||    19
